Description

Quick 2 Gas Tech Opening with a push of - 2 reapers, 1 hellion, 1 tank, 1 cyclone, 4 marines, 1 medivac that hit at around 5 minutes.

Build Order

Get SALT Encoding   

  12  0:00  SCV  
  13  0:13  SCV  
  14  0:17  Supply Depot  1st
  15  0:29  SCV  
  16  0:35  Refinery  
  17  0:46  Barracks, SCV  
  18  0:54  Refinery  
  19  1:15  SCV  
  19  1:31  Orbital Command  
  19  1:35  Factory  
  20  1:37  Reaper  
  20  1:47  Supply Depot  2nd
  21  1:59  SCV  
  22  2:08  Reaper  
  24  2:18  Hellion  
  25  2:35  Command Center  
  26  2:40  Factory Tech Lab, Barracks Reactor  
  26  2:47  Supply Depot  3rd
  30  3:03  Cyclone  
  32  3:18  Marine x2  
  37  3:36  Medivac  
  38  3:38  Marine x2  
  43  3:45  Siege Tank  
  43  3:50  Orbital Command  
  43  3:59  Refinery  3rd Gas
  43  4:03  Starport Tech Lab  
  43  4:04  Supply Depot  
  54  4:16  Action  Load 4 Rines Tank/ Move Out
  46  5:03  Command Center  3rd
  120  8:39  Command Center  4th
Spawning Tool Build Advisor. Get it on Overwolf

Analysis

!!

Go to:

Details

  • Created by: Nvmushmouth
  • Published on: Dec 10, 2019
  • Modified on: Dec 10, 2019
  • Patch: 4.11.0
Show
View Real Time Build Order
Export as new Build Order

Comments (0)

There are no comments. Be the first!

Create an account to comment!